 Dungeon Crawl Stone Soup version 0.27-a0-1144-g0b7d3b79db (webtiles) character file.

Game seed: 16488478815385602113

571 freelancePsychic the Bolt Thrower (level 7, 0/56 HPs)
             Began as a Formicid Hunter on May 10, 2021.
             Slain by a bullfrog skeleton (3 damage)
             ... on level 4 of the Dungeon.
             The game lasted 00:09:58 (3886 turns).

freelancePsychic the Bolt Thrower (Formicid Hunter) Turns: 3886, Time: 00:09:59

Health: 0/56       AC:  3    Str: 16 (18) XL:     7   Next: 60%
Magic:  7/7        EV:  8    Int: 10 (11) God:
Gold:   189        SH:  7    Dex: 10 (11) Spells: 6/6 levels left

rFire    . . .     SeeInvis +   b - +0 short sword
rCold    . . .     Faith    .   n - +0 kite shield
rNeg     . . .     Spirit   .   c - +0 leather armour
rPois    .         Reflect  .   (helmet unavailable)
rElec    .         Harm     .   (no cloak)
rCorr    .         Rampage  .   (no gloves)
Will     .....                  (no boots)
Stlth    +.........             (no amulet)
HPRegen  0.18/turn              f - +4 ring of slaying
MPRegen  0.10/turn              (no ring)

@: mighty
A: permanent stasis, dig shafts and tunnels, antennae 3, four strong arms
a: Dig, Shaft Self


You were on level 4 of the Dungeon.
You visited 1 branch of the dungeon, and saw 4 of its levels.

You collected 189 gold pieces.

Inventory:

Hand Weapons
 a - a +1 hand crossbow
 b - a +0 short sword (weapon)
 r - a +3 great sword
Missiles
 d - 7 bolts
 m - a throwing net (quivered)
Armour
 c - a +0 leather armour (worn)
 n - a +0 kite shield (worn)
Jewellery
 f - a +4 ring of slaying (left hand)
 p - a ring of wizardry
Scrolls
 e - a scroll of summoning {unknown}
 g - a scroll of immolation {unknown}
 h - 2 scrolls of enchant weapon {unknown}
 i - a scroll of identify {@r1}
 j - a scroll of magic mapping {unknown}
Potions
 l - a potion of invisibility


   Skills:
 + Level 5.2 Fighting
 * Level 7.4 Crossbows
 - Level 1.7 Dodging
 - Level 1.2 Stealth


You had 6 spell levels left.
You didn't know any spells.
Your spell library was empty.

Dungeon Overview and Level Annotations

Branches:
Dungeon (4/15)
 Temple: D:4-7

Altars:
Xom
Zin


Innate Abilities, Weirdness & Mutations

You cannot be hasted, slowed, berserked, paralysed or teleported.
You can dig through walls and to a lower floor.
You have a pair of large antennae on your head. (SInv)
Your four strong arms can wield two-handed weapons with a shield.


Message History

You block the centaur's attack.
You hit the centaur.
The centaur is lightly wounded.
The centaur barely misses you. The centaur kicks you. The centaur hits you.
The centaur closely misses you. The centaur barely misses you.
The centaur kicks you.
You feel very mighty all of a sudden. The centaur barely misses you. x2
You hit the centaur.
The centaur is moderately wounded.
The centaur hits you!
* * * LOW HITPOINT WARNING * * *
The centaur kicks you but does no damage.
The centaur hits you.
* * * LOW HITPOINT WARNING * * *
The centaur kicks you but does no damage.
You puncture the centaur!
You kill the centaur!
You feel your strength returning.
You feel your dexterity returning.
Your Fighting skill increases to level 5!
You barely miss the hound. The hound bites you.
* * * LOW HITPOINT WARNING * * *
The hound barely misses you.
You puncture the hound!
The hound is heavily wounded.
The hound bites you.
* * * LOW HITPOINT WARNING * * *
The hound barely misses you.
You puncture the hound!
You kill the hound!
The bullfrog skeleton hits you.
* * * LOW HITPOINT WARNING * * *
You puncture the bullfrog skeleton!
The bullfrog skeleton is moderately damaged.
The bullfrog skeleton hits you.
* * * LOW HITPOINT WARNING * * *
You puncture the bullfrog skeleton!
The bullfrog skeleton is heavily damaged.
The bullfrog skeleton hits you.
You die...

... #.# #.# #.#
#.# # # #.#
....#.####.#####
{
#....Z@...#...#
####
......#####.#
...# ..?..# #.##
## #. ...# ....
#.# . ... ...#
#.# #.##.##.#
..<# ##.##
#######.#.#.#
...# #...#
#..........#
...# #...#
#.#####.#.##
..## #...#
#.#####...##


You could see a bullfrog skeleton.

Vanquished Creatures
  2 centaurs
  3 wights
  A hound (D:4)
  2 orc priests (D:3)
  An iguana (D:2)
  2 orc wizards (D:3)
  4 adders (D:2)
  A worm (D:2)
  15 orcs (D:3)
  3 endoplasms
  A giant cockroach (D:1)
  8 goblins
  11 hobgoblins
  8 jackals
  2 quokkas (D:2)
  3 ball pythons
  5 bats
  4 frilled lizards
  4 kobolds
  7 rats
87 creatures vanquished.

Notes
Turn   | Place    | Note
-------+----------+-------------------------------------------
     0 | D:1      | freelancePsychic the Formicid Hunter began the quest for
                  | the Orb.
     0 | D:1      | Reached XP level 1. HP: 16/16 MP: 1/1
    80 | D:1      | Reached XP level 2. HP: 23/23 MP: 2/2
   749 | D:2      | Reached XP level 3. HP: 28/28 MP: 3/3
   973 | D:2      | Reached XP level 4. HP: 35/35 MP: 4/4
   978 | D:2      | Reached skill level 5 in Crossbows
  1443 | D:2      | Reached XP level 5. HP: 37/41 MP: 5/5
  2112 | D:3      | Found a shimmering altar of Xom.
  2112 | D:3      | Noticed an angel
  2114 | D:3      | Found a glowing silver altar of Zin.
  2304 | D:2      | Reached skill level 6 in Crossbows
  2304 | D:2      | Reached XP level 6. HP: 20/48 MP: 6/6
  2915 | D:3      | Reached XP level 7. HP: 8/55 MP: 7/7
  2919 | D:3      | HP: 4/82 [poisoned by an orc]
  3388 | D:3      | Reached skill level 7 in Crossbows
  3882 | D:4      | Reached skill level 5 in Fighting
  3886 | D:4      | Slain by a bullfrog skeleton

Illustrated notes

Levels and vault maps discovered:
D:1:      onia_arrival_pyramid, layout_basic, minmay_ruptured
D:2:      cheibrodos_greedy_goblins, layout_basic
D:3:      layout_basic, grunt_temple_overflow_order_and_chaos_1
D:4:      layout_loops_cross

Skill      XL: |  1  2  3  4  5  6  7 |
---------------+----------------------+-----
Fighting       | 3 4 5 |  5.2
Crossbows      | 5 6 7 |  7.4
Dodging        | |  1.7
Stealth        | |  1.2

Action                   |  1- 3 |  4- 6 |  7- 9 || total
-------------------------+-------+-------+-------++-------
Melee: Short sword       |    10 |    59 |    38 ||   107
 Fire: Hand crossbow     |    34 |    73 |     2 ||   109
Throw: Throwing net      |       |       |     1 ||     1
 Abil: Dig               |       |     4 |       ||     4
  Use: Potion            |       |     1 |     5 ||     6
       Scroll            |       |     1 |     1 ||     2
 Stab: Sleeping          |       |     1 |       ||     1
       Invisible         |       |     2 |       ||     2
Armor: Leather armour    |     5 |     7 |    23 ||    35
       Skin              |       |       |     2 ||     2
Dodge: Dodged            |     8 |    33 |    26 ||    67
Block: Kite shield       |     3 |    27 |    13 ||    43

Table legend: (Time is in decaauts)
 A = Elapsed time spent in this place.
 B = Non-inter-level travel time spent in this place.
 C = Inter-level travel time spent in this place.
 D = Time resting spent in this place.
 E = Time spent auto-exploring this place.
 F = Levels seen in this place.
 G = Mean time per level.
                   A        B        C        D        E       F      G
               +--------+--------+--------+--------+--------+-----+--------+
         Total |   3968 |   3839 |    129 |    727 |   2420 |   4 |  992.0 |
       Dungeon |   3968 |   3839 |    129 |    727 |   2420 |   4 |  992.0 |
               +--------+--------+--------+--------+--------+-----+--------+

Top non-repeatable levels by time:
     D:2: 1633 daAuts
     D:3: 1539 daAuts
     D:1: 722 daAuts
     D:4: 73 daAuts
